[Event "GrandPrix_29.05"]
[Site "Chess.com"]
[Date "2020.05.29"]
[Round "6"]
[White "wnstop"]
[Black "Pidzsy"]
[Result "0-1"]
[WhiteElo "2031"]
[BlackElo "2097"]
[TimeControl "600+2"]
[EndTime "12:05:41 PDT"]
[Termination "Pidzsy won by resignation"]

1. e4 g6 2. d4 Bg7 3. Nf3 d6 4. Be3 c6 5. Nc3 b5 6. Bd3 Nd7 7. a4 b4 8. Ne2 c5 9. c3 bxc3 10.
bxc3 Ngf6 11. O-O O-O 12. h3 c4 13. Bc2 Bb7 14. Ng3 Qa5 15. Qd2 Rab8 16. Rab1 Ba6 17. d5 Ne5 18. Nxe5 dxe5 19. Bxa7 Rb3 20. Bxb3 cxb3 21.
Rfe1 Bc4 22. Be3 Rb8 23. Qb2 Qxa4 24. Bc5 Qd7 25. Ra1 Qc7 26. Bb4 h5 27. Nf1 Bxf1 28. Kxf1 Qc4+ 29. Qe2 Nxe4 30. Qxc4 Nd2+ 31. Ke2 Nxc4 32.
Reb1 b2 33. Ra7 e4 34. Rxe7 Bh6 35. d6 Rd8 36. d7 Kg7 37. Bc5 Bg5 38. Bd4+ Kf8 39.
Rxe4 Nd6 40. Bc5 Rxd7 41. Bxd6+ Rxd6 42. Rxb2 Kg7 43. f4 Bf6 44. Rc2 Rc6 45. c4 Rc5 46. Re3 Bd8 47. Rd3 Bc7 48. Kf3 Rf5 49. g3 h4 50. Rd5 Rf6 51. Rd4 hxg3 52. Kxg3 g5 53. c5 Bxf4+ 54. Kg4 Rc6 55. Rd5 Kg6 56. Ra2 f6 57.
Rb2 Ra6 58. Kf3 Ra3+ 59. Kg2 Rg3+ 60. Kf1 Rxh3 61. Rg2 Rc3 62. Ke1 Kh5 63. Kd1 Kh4 64.
Rd8 Kh3 65. Rc2 Rxc2 66. Kxc2 g4 67. Rh8+ Kg2 68. Kd3 Kf3 69. c6 g3 70. Rg8 g2 71.
Rg6 f5 72. Rg7 Be5 73. Rg5 Bf4 74. Rg6 Bc7 75. Kd4 f4 76. Kd3 Kf2 77. Rg7 f3 78.
Rxc7 g1=Q 79. Rd7 Qd1+ 80. Ke4 Qc2+ 81. Kd5 Ke3 82. c7 f2 83. Re7+ Kd3 84. Rf7 Qc4+ 85. Kd6 Qxf7 86. c8=Q Qf4+ 87. Kd5 Qe4+ 88. Kd6 Qd4+ 89.
Ke7 f1=Q 90. Qa6+ Qc4 91. Qa3+ Kd2 92. Qb2+ Ke3 93. Qb6+ Qd4 94. Qh6+ Qff4 95. Qh3+ Qf3 96. Qh6+ Qdf4 97. Qb6+ Ke2 98. Qb2+ Kf1 99. Qb1+ Kf2 0-1

[Event "GrandPrix_29.05"]
[Site "Chess.com"]
[Date "2020.05.29"]
[Round "6"]
[White "SamadovRead"]
[Black "ALeks_Ivlev"]
[Result "1-0"]
[WhiteElo "1978"]
[BlackElo "2012"]
[TimeControl "600+2"]
[EndTime "12:05:42 PDT"]
[Termination "SamadovRead won by resignation"]

1. d4 Nf6 2. c4 c6 3. Nf3 d5 4.
Nc3 e6 5. e3 Nbd7 6. Bd3 dxc4 7. Bxc4 b5 8. Bd3 Bd6 9. O-O O-O 10. Bd2 a6 11. a4 Bb7 12. Rc1 Qe7 13. Ne4 Nxe4 14.
Bxe4 Rac8 15. Qe2 Nb6 16. b3 Nd5 17. Rfd1 bxa4 18. bxa4 c5 19. dxc5 Bxc5 20. Bb1 Rfd8 21. Ba5 Bb6 22. Bxb6 Nxb6 23. a5 Nd5 24. Qe1 Qa3 25.
Rxc8 Rxc8 26. Be4 Ba8 27. Ra1 Qb2 28. Rb1 Qa2 29. Rc1 Rb8 30. Nd4 g6 31. h4 Qa3 32.
h5 Qe7 33. h6 Qg5 34. Nc6 Bxc6 35. Rxc6 Qxh6 36. Rxa6 Qg5 37. Rc6 Nf6 38. Bf3 Qf5 39. Rb6 Rc8 40. a6 Qc5 41. Rb1 g5 42. Ra1 g4 43.
Bb7 Rd8 44. a7 g3 45. a8=Q Rxa8 46. Rxa8+ Kg7 47. fxg3 Qb6 48. Bf3 Qd6 49. Ra1 Qe5 50.
Rd1 Qg5 51. Qf2 h6 52. Rf1 Qg6 53. g4 Qg5 54. Qd2 e5 55. Bd1 Ne4 56. Qd3 Ng3 57. Rf3 Qh4 58. Rxg3 Qxg3 59. Qe2 e4 60. Qf2 Qd6 61. Bc2 Qc6 62. Kh2 Qc7+ 63. g3 Qc4 64. Bd1 Qd3 65. Be2 Qd2 66. Kg2 Qd5 67.
Qf5 Qc6 68. Qe5+ f6 69. Qe7+ Kg6 70. Qf8 Qe6 71. Kf2 Qd5 72. Qe8+ Kg7 73. Qe7+ Kg6 74.
Qf8 Qe6 75. Bd1 Qa2+ 76. Ke1 Qa5+ 77. Kf1 Qb5+ 78. Be2 Qb1+ 79. Kf2 Qb3 80. Qe8+ Kg7 81. Qxe4 Qb2 82. Qe7+ Kg6 83. Kf3 Qb1 84. Qe4+ Qxe4+ 85. Kxe4 Kg5 86. Kf3 1-0

[Event "GrandPrix_29.05"]
[Site "Chess.com"]
[Date "2020.05.29"]
[Round "6"]
[White "Herracek"]
[Black "BakaPG"]
[Result "1-0"]
[WhiteElo "2477"]
[BlackElo "2229"]
[TimeControl "600+2"]
[EndTime "12:05:46 PDT"]
[Termination "Herracek won by resignation"]

1. c4 e5 2. g3 Nc6 3. Bg2 Bc5 4. Nf3 d6 5. O-O e4 6. Ne1 Nf6 7. d3 exd3 8. Nxd3 Bb6 9. Nc3 h6 10. b4 a5 11. b5 Ne7 12. Bb2 O-O 13. Na4 Nd7 14.
Nf4 Ba7 15. Nh5 Ne5 16. c5 Nf5 17. e4 Ne3 18. fxe3 Bg4 19. Nf6+ gxf6 20. Qc2 dxc5 21.
h3 Bd7 22. Rad1 Qe7 23. Nc3 c6 24. Qe2 c4 25. Kh2 Kg7 26. bxc6 bxc6 27. Rf4 Rab8 28. Ba1 Qc5 29. Rdf1 Qxe3 30. Qh5 Bd4 31. Nd1 Qd2 32. Bxd4 Qxd4 33. Rxf6 Ng6 34. Qxa5 Rb1 35. Nc3 Rxf1 36. Rxf1 Ne5 37. Rd1 Nd3 38. Ne2 Qb2 39.
Nf4 Be6 40. Nxd3 cxd3 41. Rxd3 Rb8 42. Rd2 Qf6 43. Qc5 Qg5 44. Qc3+ Kh7 45. Rf2 c5 46. e5 c4 47. Qd4 Kg7 48. h4 Qe7 49. a4 Rb3 50. Rf6 Qa3 51. Qf4 Rb2 52. Qxh6+ Kg8 53. Rxe6 fxe6 54. Qxe6+ Kg7 55. Qf6+ Kh7 56. Qf7+ Kh8 57.
e6 Qa2 58. Qf3 c3 59. e7 Re2 60. Qf8+ Kh7 61. e8=Q Rxe8 62. Qxe8 c2 63. Qe2 Kg7 64. Be4 Qxa4 65. Qxc2 Qd4 66. Qe2 Kh6 67. Bg2 Qf6 68. Qf3 Qa1 69. Qf4+ Kg7 70. h5 Kh7 71. Be4+ Kg7 72.
h6+ Kg8 73. Qg5+ Kf8 74. Qf5+ Ke7 75. h7 Qb2+ 76. Bg2 Qg7 77. Qe4+ Kd6 78. Qf4+ Kc5 79.
Qh4 Qh8 80. Be4 Kd6 81. Kh3 Ke6 82. Qg4+ Ke5 83. Qg8 1-0

[Event "GrandPrix_29.05"]
[Site "Chess.com"]
[Date "2020.05.29"]
[Round "6"]
[White "VolodymyrMolyboha"]
[Black "iceboy88"]
[Result "0-1"]
[WhiteElo "2271"]
[BlackElo "2487"]
[TimeControl "600+2"]
[EndTime "12:06:31 PDT"]
[Termination "iceboy88 won by resignation"]

1. e4 c6 2. d4 d5 3. exd5 cxd5 4. Bd3 Nc6 5. c3 Qc7 6. Ne2 Bg4 7. O-O e6 8. Qe1 Nf6 9. f3 Bh5 10. Qh4 Rg8 11.
Bg5 Bg6 12. Bxg6 hxg6 13. a4 O-O-O 14. Na3 a6 15. Bf4 Bd6 16. Bxd6 Qxd6 17. Qf4 Qxf4 18. Nxf4 Ne8 19. Nd3 Nd6 20. Rfe1 b6 21. Re2 Kb7 22. h3 Rc8 23. Nc2 Rc7 24. Ne3 Rb8 25. Ng4 Kc8 26.
Kf2 Kd7 27. Ne3 Na5 28. Ne5+ Kd8 29. Nd3 Nac4 30. Ng4 Ke7 31. Ne3 Nxe3 32. Rxe3 a5 33. Re2 Nc4 34. Ke1 g5 35. Kd1 f6 36. Kc2 Kf7 37. Rae1 Re8 38. Ra1 Nd6 39. Kd2 Rc4 40. Kc2 Nf5 41. Kd2 Rec8 42. Ree1 R4c6 43. Ra3 Nd6 44.
Rb3 Nc4+ 45. Kc2 Ke7 46. Re2 Kd7 47. Kb1 Rh8 48. Rb5 Rh4 49. Rb3 Rh7 50. Rb5 Rh8 51.
Rb3 Rb8 52. Ka2 Rb7 53. Nc5+ Rxc5 54. dxc5 e5 55. cxb6 Kc6 56. Rb5 f5 57. b3 Nd6 58.
Rxa5 e4 59. b4 Rxb6 60. Rc5+ Kd7 61. Rxd5 Ke6 62. fxe4 Nxe4 63. Rd3 Kf6 64. Kb3 Nc5+ 65. Kc4 Nxa4 66. Rd5 Rc6+ 67. Kb3 Nxc3 68. Red2 Nxd5 69.
Rxd5 Ke6 70. Rd2 Rc1 71. b5 Rb1+ 72. Kc4 f4 73. Kc5 Rc1+ 74. Kb6 Rc3 75. Kb7 f3 76. gxf3 Rxf3 77. Rb2 Rxh3 78. b6 Rc3 79. Ka8 Ra3+ 80. Kb8 Rc3 81. b7 Kd7 82. Ka7 Rc7 83. Rd2+ Ke6 84. Kb6 Rxb7+ 85. Kxb7 g4 86. Kc6 Ke5 87. Kc5 Ke4 88. Kc4 g3 89. Rd7 g5 90. Re7+ Kf3 91. Kd3 g2 92. Re1 Kf2 93. Re2+ Kf1 94. Ra2 g4 95.
Ke3 g1=Q+ 96. Kf4 Qd4+ 97. Kg3 Qe5+ 98. Kxg4 Qe6+ 0-1

[Event "GrandPrix_29.05"]
[Site "Chess.com"]
[Date "2020.05.29"]
[Round "6"]
[White "OK97"]
[Black "VincentKeymer"]
[Result "0-1"]
[WhiteElo "2504"]
[BlackElo "2595"]
[TimeControl "600+2"]
[EndTime "12:06:36 PDT"]
[Termination "VincentKeymer won by resignation"]

1. e4 e6 2. d4 d5 3. Nc3 Nf6 4. Bg5 Bb4 5. e5 h6 6. Bd2 Bxc3 7.
bxc3 Ne4 8. Qg4 Kf8 9. Bc1 c5 10. Ne2 Qa5 11. f3 Nxc3 12. Bd2 cxd4 13. Nxd4 Qc7 14.
Nxe6+ Bxe6 15. Qb4+ Kg8 16. Qxc3 Nc6 17. f4 d4 18. Qf3 g6 19. Bd3 Qd7 20. O-O Bf5 21.
Rab1 Kh7 22. Rb3 b6 23. h3 Rhg8 24. g4 Bxd3 25. Rxd3 Rad8 26. f5 gxf5 27. Qxf5+ Qxf5 28. Rxf5 Rd7 29. Rdf3 Nd8 30. Rh5 Rg6 31. Rf6 Ne6 32.
Bxh6 Rxf6 33. exf6 Kg6 34. Bd2 Kxf6 35. Rf5+ Kg7 36.
Rf2 Rc7 37. Bc1 Rc5 38. h4 Kg8 39. Kg2 d3 40. h5 Nd4 41. Bb2 dxc2 42. Rd2 Ne6 43.
Bc1 Rc4 44. Kg3 Nd4 45. g5 b5 46. Kf2 a5 47. Ke3 Ne6 48. g6 fxg6 49. hxg6 Kg7 50. Rd6 Kf6 51. g7 Rg4 52. Bb2+ Ke7 53. Rc6 Nxg7 54.
Bxg7 Rxg7 55. Rxc2 Ke6 56. Kd4 Rd7+ 57. Ke4 Kd6 58. Kd4 Rh7 59. Rg2 Rh4+ 60. Kc3 Rh3+ 61. Kb2 Kc5 62. Rg5+ Kc6 63. Rg6+ Kc7 64. Rg7+ Kd6 65.
Rg6+ Kd5 66. Rg5+ Kc4 67. Rg4+ Kd3 68. Rg5 Rh2+ 69. Kb3 a4+ 70. Ka3 Kc4 71. Rg4+ Kc5 72. Rg6 Rh3+ 73. Kb2 a3+ 74. Kc2 Kb4 75. Rg4+ Ka5 76.
Rf4 Rh2+ 77. Kb3 Rh3+ 78. Kc2 Rg3 79. Re4 Rg1 80. Kb3 Rg3+ 81. Kc2 b4 82. Re5+ Ka4 83. Re4 Rg2+ 84. Kb1 Rg1+ 85. Kc2 Ra1 86. Re8 Rxa2+ 87. Kb1 Rh2 88. Re1 Rh3 89. Rf1 Kb3 90. Rg1 Rc3 91.
Rf1 Ka4 92. Rg1 Rc4 93. Rf1 b3 94. Rg1 Rh4 95. Rf1 Kb4 96. Rg1 Rh3 97. Rf1 a2+ 98. Ka1 Ka3 99. Rf3 Rh1+ 0-1

[Event "GrandPrix_29.05"]
[Site "Chess.com"]
[Date "2020.05.29"]
[Round "7"]
[White "Cocolino12"]
[Black "tianachess"]
[Result "1/2-1/2"]
[WhiteElo "2250"]
[BlackElo "2037"]
[TimeControl "600+2"]
[EndTime "12:11:35 PDT"]
[Termination "Game drawn by agreement"]

1. e4 Nf6 2. Nc3 d5 3. e5 d4 4. Nce2 Nfd7 5. f4 c5 6. Nf3 e6 7.
g3 Nc6 8. Bg2 Be7 9. O-O O-O 10.
d3 f6 11. exf6 1/2-1/2

[Event "GrandPrix_29.05"]
[Site "Chess.com"]
[Date "2020.05.29"]
[Round "7"]
[White "Hero_in_my_life"]
[Black "Vnebo"]
[Result "0-1"]
[WhiteElo "2093"]
[BlackElo "2049"]
[TimeControl "600+2"]
[EndTime "12:15:41 PDT"]
[Termination "Vnebo won by resignation"]

1. c4 e6 2. d4 d5 3. Nf3 Nf6 4.
g3 Be7 5. Bg2 O-O 6. O-O c6 7. Qd3 b6 8. Nc3 Ba6 9. b3 Nbd7 10. e4 Rc8 11. Bb2 Qc7 12. Rac1 Qb7 13. h4 b5 14. cxb5 cxb5 15. Qb1 b4 16. Na4 Bxf1 17.
Rxf1 Nxe4 18. h5 h6 19. Ne5 Nd2 0-1

[Event "GrandPrix_29.05"]
[Site "Chess.com"]
[Date "2020.05.29"]
[Round "7"]
[White "Andrei_Belozerov"]
[Black "Nodar_Lortkipanidze"]
[Result "0-1"]
[WhiteElo "2564"]
[BlackElo "2615"]
[TimeControl "600+2"]
[EndTime "12:15:43 PDT"]
[Termination "Nodar_Lortkipanidze won by checkmate"]

1. e4 e6 2. d4 d5 3. Nd2 Nc6 4. Ngf3 Nf6 5. e5 Nd7 6. c3 f6 7. exf6 Qxf6 8. Bb5 Bd6 9. Nf1 O-O 10. Ne3 Qg6 11. O-O Nf6 12. c4 dxc4 13. Nxc4 Bd7 14. Bxc6 Bxc6 15. Nfe5 Qxg2# 0-1

[Event "GrandPrix_29.05"]
[Site "Chess.com"]
[Date "2020.05.29"]
[Round "7"]
[White "Semen_Khanin"]
[Black "fm_magua"]
[Result "1-0"]
[WhiteElo "2375"]
[BlackElo "1844"]
[TimeControl "600+2"]
[EndTime "12:15:55 PDT"]
[Termination "Semen_Khanin won by resignation"]

1. d4 Nf6 2. c4 g6 3. Nc3 Bg7 4. e4 O-O 5. Be2 d6 6. Be3 e5 7. d5 a5 8. g4 Na6 9. h4 Nc5 10. f3 c6 11. h5 cxd5 12. cxd5 b5 13. Bxb5 Ba6 14. a4 Nfd7 15. Nge2 Bf6 16. Kf2 Bh4+ 17. Kg2 f5 18. hxg6 hxg6 19. Qg1 Bxb5 20. axb5 Nd3 21. exf5 gxf5 22. Qh2 fxg4 23. fxg4 Qf6 24. Raf1 Nf4+ 25. Nxf4 exf4 26. Rxf4 Qe5 27. Qxh4 Rxf4 28. Qh7+ Kf8 29. Bxf4 Qxf4 30. Rf1 1-0

[Event "GrandPrix_29.05"]
[Site "Chess.com"]
[Date "2020.05.29"]
[Round "7"]
[White "EvgenyRomanov"]
[Black "monalize"]
[Result "1-0"]
[WhiteElo "2135"]
[BlackElo "1958"]
[TimeControl "600+2"]
[EndTime "12:16:04 PDT"]
[Termination "EvgenyRomanov won by resignation"]

1. d4 Nf6 2. c4 d6 3. Nc3 e5 4. Nf3 Nbd7 5. Bg5 h6 6. Bh4 c6 7. e3 Be7 8. Qc2 O-O 9. O-O-O Qa5 10. g4 Re8 11. Rg1 exd4 12. Nxd4 Ne5 13. g5 Nh7 14. gxh6 g5 15. f4 Ng6 16. Bf2 gxf4 17. Rxg6+ 1-0

[Event "GrandPrix_29.05"]
[Site "Chess.com"]
[Date "2020.05.29"]
[Round "7"]
[White "Lavrov_Maxim"]
[Black "NikolaGry"]
[Result "1/2-1/2"]
[WhiteElo "2280"]
[BlackElo "2087"]
[TimeControl "600+2"]
[EndTime "12:16:43 PDT"]
[Termination "Game drawn by agreement"]

1. e4 e5 2. Nf3 d6 3. d4 exd4 4.
Nxd4 Nf6 5. Nc3 g6 6. Bg5 Bg7 7. Qd2 h6 8. Bf4 g5 9. Bg3 Nh5 10. O-O-O Nc6 11. Bb5 Bd7 12. Bxc6 bxc6 13. Qe2 Nxg3 14.
hxg3 O-O 15. f4 Qf6 1/2-1/2

[Event "GrandPrix_29.05"]
[Site "Chess.com"]
[Date "2020.05.29"]
[Round "7"]
[White "SavelievAlexei"]
[Black "hypert"]
[Result "0-1"]
[WhiteElo "2216"]
[BlackElo "2185"]
[TimeControl "600+2"]
[EndTime "12:17:25 PDT"]
[Termination "hypert won by resignation"]

1. e4 c5 2. Nf3 Nc6 3. Nc3 e5 4. Bc4 Be7 5. d3 d6 6. O-O Nf6 7. Ng5 O-O 8. f4 Bg4 9. Qe1 h6 10. Nf3 Nd4 11. Qf2 Bxf3 12. gxf3 Nh5 13. fxe5 dxe5 14.
f4 Nxf4 15. Bxf4 exf4 16. Qxf4 Nxc2 17. Rac1 Bg5 18. Bxf7+ Kh8 19. Qf5 Bxc1 20. Rxc1 Qxd3 21. Kh1 Nd4 22. Qg6 Qf3+ 0-1

[Event "GrandPrix_29.05"]
[Site "Chess.com"]
[Date "2020.05.29"]
[Round "7"]
[White "KacperKacprzak"]
[Black "payto1"]
[Result "0-1"]
[WhiteElo "2043"]
[BlackElo "2155"]
[TimeControl "600+2"]
[EndTime "12:17:26 PDT"]
[Termination "payto1 won by resignation"]

1. e4 Nc6 2. Nf3 d6 3. d4 Nf6 4. Nc3 g6 5. h3 Bg7 6. Be3 O-O 7.
Qd2 e5 8. d5 Ne7 9. Bh6 Bd7 10.
g4 a6 11. O-O-O b5 12. Bxg7 Kxg7 13. Bd3 c6 14. dxc6 Bxc6 15. g5 Nh5 16. Bf1 b4 17.
Nd5 Bxd5 18. exd5 Qa5 19. Bc4 Rac8 20. Bb3 Qb5 21. Rhe1 a5 22. Nd4 exd4 23. Qxd4+ Kg8 24. Rxe7 a4 25. Rd3 axb3 26. axb3 Ng7 27. Rf3 Nf5 28. Rxf5 gxf5 29. h4 Rfe8 30. Qf6 Qf1+ 0-1

[Event "GrandPrix_29.05"]
[Site "Chess.com"]
[Date "2020.05.29"]
[Round "7"]
[White "Haykos"]
[Black "Bestromano"]
[Result "1/2-1/2"]
[WhiteElo "2176"]
[BlackElo "2125"]
[TimeControl "600+2"]
[EndTime "12:17:28 PDT"]
[Termination "Game drawn by agreement"]

1. e4 c5 2. Nf3 g6 3. d4 cxd4 4. Nxd4 Nc6 5. Nc3 Bg7 6. Be3 Nf6 7. h3 O-O 8. Nf3 Qa5 9. Qd2 d6 10. Bc4 Be6 11. Bb3 Bxb3 12. cxb3 Rac8 13. O-O Rfe8 14.
a3 Qh5 15. b4 b6 16. Rfe1 Nd7 17. Qe2 Nce5 18. Nxe5 Qxe2 19. Rxe2 Nxe5 20. Bd4 Rc4 21.
Be3 Kf8 22. Kf1 Rec8 23. Rd1 Nd7 24. Nb5 a6 25. Nd4 1/2-1/2

[Event "GrandPrix_29.05"]
[Site "Chess.com"]
[Date "2020.05.29"]
[Round "7"]
[White "ZEN-22"]
[Black "Logman74"]
[Result "1-0"]
[WhiteElo "2127"]
[BlackElo "2116"]
[TimeControl "600+2"]
[EndTime "12:18:00 PDT"]
[Termination "ZEN-22 won by resignation"]

1. e4 c5 2. b4 cxb4 3. a3 bxa3 4. Nxa3 Nf6 5. e5 Nd5 6. Bc4 e6 7. Bxd5 exd5 8. Nb5 Bc5 9. d4 Bb4+ 10. c3 Be7 11. Ba3 O-O 12. Nf3 Bxa3 13. Rxa3 d6 14. Nxd6 Bg4 15. h3 Be6 16. Nxb7 Qc7 17. Nc5 Nd7 18. Nxe6 fxe6 19. O-O a5 20. Ng5 Ra6 21. Qd3 Rf5 22. Qxa6 Rxg5 23. Qxe6+ Kf8 24. Qxd5 Rg6 25. Qxa5 Nb6 26.
f4 Qb7 27. Rf2 h5 28. Rb3 Kg8 29. f5 Rc6 30. d5 Rh6 31. d6 1-0

[Event "GrandPrix_29.05"]
[Site "Chess.com"]
[Date "2020.05.29"]
[Round "7"]
[White "PeshkaTheGreat"]
[Black "Korona_91"]
[Result "0-1"]
[WhiteElo "2136"]
[BlackElo "2088"]
[TimeControl "600+2"]
[EndTime "12:18:12 PDT"]
[Termination "Korona_91 won by checkmate"]

1. e4 e6 2. d4 d5 3. Nc3 Bb4 4.
a3 Bxc3+ 5. bxc3 Nf6 6. e5 Nfd7 7. Qg4 Kf8 8. a4 c5 9. f4 Nc6 10. Nf3 Qa5 11. Bd2 Qb6 12. a5 Qb2 13. Rc1 cxd4 14.
cxd4 Nxd4 15. Bd3 Nc5 16. Be3 Nxd3+ 17. cxd3 Qe2# 0-1

[Event "GrandPrix_29.05"]
[Site "Chess.com"]
[Date "2020.05.29"]
[Round "7"]
[White "jafarlib"]
[Black "Thor736"]
[Result "0-1"]
[WhiteElo "2108"]
[BlackElo "2063"]
[TimeControl "600+2"]
[EndTime "12:18:50 PDT"]
[Termination "Thor736 won by resignation"]

1. e4 c5 2. Nf3 d6 3. Bb5+ Nd7 4. O-O a6 5. Bxd7+ Bxd7 6. c3 Nf6 7. e5 dxe5 8. Nxe5 e6 9. d4 cxd4 10. cxd4 Be7 11.
Nc3 O-O 12. Qf3 Qb6 13. Rd1 Rfd8 14. d5 exd5 15. Nxd5 Nxd5 16. Qxf7+ Kh8 17. Rxd5 Be6 18. Rxd8+ Rxd8 19. Qh5 Bf6 20. Bf4 Qxb2 21. Rd1 Rxd1+ 22. Qxd1 Bxe5 0-1

[Event "GrandPrix_29.05"]
[Site "Chess.com"]
[Date "2020.05.29"]
[Round "7"]
[White "nurgyulsalimova"]
[Black "rusuvlad95"]
[Result "0-1"]
[WhiteElo "2144"]
[BlackElo "2112"]
[TimeControl "600+2"]
[EndTime "12:19:16 PDT"]
[Termination "rusuvlad95 won by resignation"]

1. d4 Nf6 2. Nf3 e6 3. g3 c5 4.
Bg2 cxd4 5. Nxd4 d5 6. O-O e5 7.
Nb3 a5 8. a4 Be6 9. Nc3 Nc6 10.
Bg5 d4 11. Nb5 Be7 12. e3 Bxb3 13. cxb3 d3 14. Bxf6 Bxf6 15. Qd2 Qd7 16. Rfd1 Rd8 17. Rac1 O-O 18. Be4 Qe6 19. Bxd3 e4 20. Bc4 Rxd2 21.
Bxe6 Rxd1+ 22. Rxd1 fxe6 23. Rd7 Rf7 24. Rd2 Be5 25.
Na3 g5 26. Nc4 Kg7 27. Kg2 h5 28. h3 h4 29. g4 Bc7 30. Na3 Nb4 31. Nb5 Be5 32.
Nd4 Nd3 33. Nxe6+ Kf6 34. Nd4 Rd7 35. f3 Bxd4 36. exd4 Rxd4 0-1

[Event "GrandPrix_29.05"]
[Site "Chess.com"]
[Date "2020.05.29"]
[Round "7"]
[White "sergoy"]
[Black "Zakaryan_David"]
[Result "1-0"]
[WhiteElo "2304"]
[BlackElo "1465"]
[TimeControl "600+2"]
[EndTime "12:19:34 PDT"]
[Termination "sergoy won by checkmate"]

1. d4 Nf6 2. c4 g6 3. Nc3 d5 4. Nf3 Bg7 5. Qb3 dxc4 6. Qxc4 O-O 7. e4 a6 8. e5 b5 9. Qb3 Nfd7 10. h4 c5 11. e6 c4 12. Qd1 fxe6 13. h5 gxh5 14.
Rxh5 Qe8 15. Rh4 Nc6 16. Bh6 Qg6 17. Bxg7 Qxg7 18. Qd2 Nf6 19. O-O-O b4 20. Na4 c3 21.
bxc3 bxc3 22. Qxc3 Bd7 23. Nc5 Rfc8 24. Bc4 Kh8 25.
Rdh1 Be8 26. Nxe6 Qxg2 27. d5 Bg6 28. Nf4 Qxf2 29. Nxg6+ Kg7 30. Rxh7+ Kxg6 31. Bd3+ Ne4 32. Bxe4# 1-0

[Event "GrandPrix_29.05"]
[Site "Chess.com"]
[Date "2020.05.29"]
[Round "7"]
[White "ftorodent"]
[Black "Olghita64"]
[Result "1-0"]
[WhiteElo "2131"]
[BlackElo "1974"]
[TimeControl "600+2"]
[EndTime "12:19:40 PDT"]
[Termination "ftorodent won by resignation"]

1. d4 d5 2. c4 c6 3. Nf3 Nf6 4. Nc3 dxc4 5. a4 Bf5 6. Ne5 Nbd7 7. Nxc4 Qc7 8. Bg5 e5 9. Bxf6 gxf6 10. e3 Nb6 11.
Qf3 Be6 12. Qxf6 Nxc4 13. Bxc4 Bxc4 14. Qxh8 O-O-O 15. Qxe5 Qb6 16. Qf5+ Kb8 17. Qc2 c5 18. d5 Qb4 19. f3 Bxd5 20. O-O Bb3 21. Qe4 Bc4 22.
Rfd1 Rc8 23. Qe5+ Ka8 24. Qc7 Be6 25. Rd8 1-0

[Event "GrandPrix_29.05"]
[Site "Chess.com"]
[Date "2020.05.29"]
[Round "7"]
[White "titan013"]
[Black "VojtechPlat"]
[Result "0-1"]
[WhiteElo "2121"]
[BlackElo "2316"]
[TimeControl "600+2"]
[EndTime "12:20:25 PDT"]
[Termination "VojtechPlat won by resignation"]

1. e4 d6 2. d4 Nf6 3. Nc3 e5 4. Nf3 Nbd7 5. Bc4 Be7 6. O-O O-O 7. Re1 c6 8. a4 a5 9. b3 Qc7 10. Ba3 Nb6 11. Bf1 Bg4 12. dxe5 dxe5 13. Bxe7 Qxe7 14.
h3 Bxf3 15. Qxf3 Qc5 16. Qe3 Qxe3 17. Rxe3 Rfd8 18. Rb1 Nbd7 19. Rd3 Nc5 20. Rxd8+ Rxd8 21. f3 Rd2 22. Rc1 Kf8 23. Be2 Nh5 24. Kf2 Nf4 25.
Ke3 Rd6 26. g3 Nxh3 27. Rh1 Ng5 28. Rh5 h6 29. f4 exf4+ 30. gxf4 Nge6 31. Bg4 g5 32.
Bxe6 Nxe6 33. f5 Nd4 34. Rh2 Kg7 35. e5 Nxf5+ 36. Ke4 Rd4+ 37. Kf3 g4+ 38. Ke2 g3 39. Rg2 h5 0-1

[Event "GrandPrix_29.05"]
[Site "Chess.com"]
[Date "2020.05.29"]
[Round "7"]
[White "klimkoj"]
[Black "Pultis"]
[Result "0-1"]
[WhiteElo "2109"]
[BlackElo "2261"]
[TimeControl "600+2"]
[EndTime "12:20:33 PDT"]
[Termination "Pultis won by resignation"]

1. e4 c6 2. d4 d5 3. exd5 cxd5 4. c4 Nf6 5. Nc3 Nc6 6. Nf3 e6 7. c5 Be7 8. Bb5 O-O 9. O-O Bd7 10. Bxc6 Bxc6 11.
b4 Rc8 12. a4 Ne4 13. Bb2 f6 14. Re1 Qe8 15. b5 Nxc3 16. Bxc3 Bd7 17. Qd3 Qg6 18. Qxg6 hxg6 19. Rac1 Kf7 20. Re2 g5 21. h3 Rfe8 22. g4 a6 23. Rb2 axb5 24. axb5 e5 25. Kg2 e4 26. Nh2 Ra8 27. Nf1 g6 28. Ne3 Be6 29. c6 Ba3 30. c7 b6 31. Rcc2 Bxb2 32. Rxb2 Rec8 33. Bb4 Rxc7 34. Bd6 Rc1 35. Kg3 Rg1+ 36.
Kh2 Raa1 37. Bc7 Rh1+ 38. Kg3 Rag1+ 39. Ng2 f5 40. f3 f4+ 41. Bxf4 gxf4+ 42. Kxf4 Rf1 43.
Nh4 Rxh3 44. Kg5 0-1

[Event "GrandPrix_29.05"]
[Site "Chess.com"]
[Date "2020.05.29"]
[Round "7"]
[White "RaphaeI"]
[Black "Dolphin_2010"]
[Result "1-0"]
[WhiteElo "2303"]
[BlackElo "2124"]
[TimeControl "600+2"]
[EndTime "12:20:38 PDT"]
[Termination "RaphaeI won by resignation"]

1. e4 c6 2. Nf3 d5 3. Nc3 dxe4 4.
Nxe4 Nf6 5. Qe2 Nxe4 6. Qxe4 Qd5 7. Qf4 Qf5 8. Qe3 Qe6 9. b3 Qxe3+ 10. fxe3 a5 11. a3 f6 12. Bb2 e5 13. O-O-O Bg4 14. h3 Be6 15. g4 b5 16. d4 Bd5 17. Bg2 exd4 18. e4 Bf7 19. Nxd4 Bd6 20. e5 Bxe5 21. Nxc6 Bxb2+ 22. Kxb2 Na6 23. Rhe1+ Kf8 24. Nb4 axb4 25. Bxa8 bxa3+ 26. Kxa3 b4+ 27. Kb2 Nc7 28. Rd7 Ne6 29. Bd5 1-0

[Event "GrandPrix_29.05"]
[Site "Chess.com"]
[Date "2020.05.29"]
[Round "7"]
[White "anesar92"]
[Black "PresidenteMNE"]
[Result "1-0"]
[WhiteElo "2379"]
[BlackElo "2361"]
[TimeControl "600+2"]
[EndTime "12:20:55 PDT"]
[Termination "anesar92 won by resignation"]

1. e4 d5 2. exd5 Nf6 3. d4 Bg4 4. Nf3 Qxd5 5. Be2 Nc6 6. O-O O-O-O 7. c4 Qh5 8. Be3 e5 9. h3 Nxd4 10. Bxd4 exd4 11. hxg4 Nxg4 12. Qd2 f6 13. Qf4 g5 14.
Nxg5 f5 15. Qxf5+ Kb8 16. Bxg4 Qh4 17. g3 Qh6 18. Nf7 Qd2 19. Nxd2 1-0

[Event "GrandPrix_29.05"]
[Site "Chess.com"]
[Date "2020.05.29"]
[Round "7"]
[White "metra93"]
[Black "SoltaniciR"]
[Result "0-1"]
[WhiteElo "2168"]
[BlackElo "2144"]
[TimeControl "600+2"]
[EndTime "12:20:58 PDT"]
[Termination "SoltaniciR won by resignation"]

1. e4 c5 2. Nf3 d6 3. d4 cxd4 4. Qxd4 Nc6 5. Bb5 Bd7 6. Bxc6 Bxc6 7. Nc3 h6 8. Be3 e5 9. Qc4 Nf6 10. O-O-O Qa5 11. Rhg1 Rc8 12. g4 b5 13. Qb3 b4 14. g5 bxc3 15. gxf6 cxb2+ 16. Qxb2 gxf6 0-1

[Event "GrandPrix_29.05"]
[Site "Chess.com"]
[Date "2020.05.29"]
[Round "7"]
[White "bsnsun"]
[Black "LANCELOT96"]
[Result "0-1"]
[WhiteElo "1902"]
[BlackElo "2116"]
[TimeControl "600+2"]
[EndTime "12:21:09 PDT"]
[Termination "LANCELOT96 won by resignation"]

1. Nf3 c6 2. c4 d5 3. g3 dxc4 4. Bg2 b5 5. O-O Bb7 6. a4 Nd7 7. d3 cxd3 8. Qxd3 a6 9. Nc3 e6 10. Ne4 Ngf6 11. Nd6+ Bxd6 12. Qxd6 Nb6 13. Qxd8+ Rxd8 14. axb5 cxb5 15. Be3 Nc4 16. Bd4 Bxf3 17. Bxf6 Bxg2 18.
Bxd8 Bxf1 19. Rxa6 Bxe2 20. b3 Ne5 21. f4 Nc6 22. Kf2 Kd7 23. Bb6 Bd1 24. b4 Nxb4 25.
Ra7+ Kc6 26. Bd4 Rd8 27. Bxg7 Rd7 28. Ra8 Nd5 29. Rh8 b4 30. Rxh7 f6 31. h4 b3 0-1

[Event "GrandPrix_29.05"]
[Site "Chess.com"]
[Date "2020.05.29"]
[Round "7"]
[White "Supernotar"]
[Black "Koalaskakistis"]
[Result "1-0"]
[WhiteElo "2118"]
[BlackElo "2017"]
[TimeControl "600+2"]
[EndTime "12:21:12 PDT"]
[Termination "Supernotar won by resignation"]

1. d4 f5 2. c4 Nf6 3. Nf3 e6 4. g3 Be7 5. Bg2 O-O 6. O-O d6 7.
Nc3 Ne4 8. Nxe4 fxe4 9. Nd2 d5 10. f3 e3 11. Nb1 c5 12. Bxe3 cxd4 13. Bxd4 e5 14. Bxe5 Nc6 15. Bf4 Qb6+ 16. Kh1 Qxb2 17. Qxd5+ Kh8 18. Nd2 Bf6 19. Ne4 Qxa1 20. Rxa1 Bxa1 21.
Nd6 Nd8 22. e4 Be6 23. Qh5 g6 24. Be5+ Kg8 25. Qg5 Bxe5 26. Qxe5 Bf7 27. Bh3 Nc6 28.
Qc5 Rad8 29. e5 g5 30. e6 Bg6 31. Bg4 Ne7 32. Qc7 h5 33. Bh3 g4 34. fxg4 Nc8 35.
e7 1-0